 Dungeon Crawl Stone Soup version 0.23.2 (webtiles) character file.

Game seed: 5689392266703068223

574 Fang the Skirmisher (level 7, 0/44 HPs)
             Began as a Gargoyle Berserker on Apr 11, 2019.
             Was a Priest of Trog.
             Slain by withersans's ghost (1 damage)
             ... on level 4 of the Dungeon on Apr 12, 2019.
             The game lasted 00:07:32 (3738 turns).

Fang the Skirmisher (Gargoyle Berserker)            Turns: 3738, Time: 00:07:32

Health: 0/44       AC: 14    Str: 22    XL:     7   Next: 35%
Magic:  7/7        EV:  9    Int:  8    God:    Trog [***...]
Gold:   139        SH:  0    Dex:  9    Spells: 6/6 levels left

rFire    . . .     SeeInvis +   a - +0 hand axe
rCold    . . .     Gourm    .   (no shield)
rNeg     + . .     Faith    .   b - +0 chain mail
rPois    ∞         Spirit   .   (no helmet)
rElec    +         Reflect  .   (no cloak)
rCorr    .         Harm     .   (no gloves)
MR       .....                  (no boots)
Stlth    ..........             (no amulet)
HPRegen  0.14/turn              k - ring of see invisible
MPRegen  0.10/turn              (no ring)

@: no status effects
A: negative energy resistance 1, electricity resistance, unbreathing,
petrification resistance, rot immunity, AC +4
a: Berserk, Trog's Hand, Renounce Religion


You were on level 4 of the Dungeon.
You worshipped Trog.
Trog was most pleased with you.
You were not hungry.

You visited 1 branch of the dungeon, and saw 4 of its levels.

You collected 139 gold pieces.

Inventory:

Hand Weapons
 a - a +0 hand axe (weapon)
Armour
 b - a +0 chain mail (worn)
Jewellery
 k - a ring of see invisible (left hand)
Scrolls
 e - 3 scrolls of teleportation {unknown}
 g - 3 scrolls of identify {unknown}
 i - a scroll of amnesia {unknown}
 l - a scroll of fear {unknown}
 n - 2 scrolls of remove curse {unknown}
 o - a scroll of noise {unknown}
 s - a scroll of enchant armour {unknown}
Potions
 d - a potion of might {unknown}
 f - a potion of cancellation {unknown}
 h - 2 potions of heal wounds {unknown}
 j - a potion of flight {unknown}
 m - a potion of lignification {unknown}
 p - a potion of haste {unknown}
 q - 4 potions of degeneration {unknown}
 r - a potion of resistance {unknown}
 t - a potion of mutation {unknown}
Comestibles
 c - 7 rations


   Skills:
 + Level 5.2 Fighting
 + Level 4.4 Axes
 + Level 4.6 Armour
 + Level 3.4 Dodging


You had 6 spell levels left.
You didn't know any spells.
Your spell library was empty.

Dungeon Overview and Level Annotations

Branches:
Dungeon (4/15)
 Temple: D:4-7

Altars:
Qazlal
Beogh

Annotations:
D:4 withersans's ghost, amateur SpMo


Innate Abilities, Weirdness & Mutations

You are resistant to torment.
Your stone body is resilient. (AC +4)
You are immune to poison.
You resist negative energy. (rN+)
You are resistant to electric shocks. (rElec)
You can survive without breathing.
You are immune to petrification.
You are immune to rotting.


Message History

Withersans's ghost closely misses you. Withersans's ghost hits you.
* * * LOW HITPOINT WARNING * * *
You closely miss withersans's ghost.
Withersans's ghost is moderately damaged.
Withersans's ghost hits you but does no damage.
You miss withersans's ghost.
Withersans's ghost is moderately damaged.
Withersans's ghost hits you but does no damage.
You barely miss withersans's ghost.
Withersans's ghost is moderately damaged.
Withersans's ghost says, "I will deal out your death!"
Withersans's ghost hits you but does no damage.
You hit withersans's ghost but do no damage.
Withersans's ghost is moderately damaged.
Withersans's ghost barely misses you.
You miss withersans's ghost.
Withersans's ghost is moderately damaged.
You recover from your berserk rage.
Withersans's ghost hits you.
You die...

.........##.......##.......###...
#...............####........###..
...###...###.....###......#..##.#
...# ###.# ##.<...##...####.....#
.>.#####.# #............#.......
...##.#..#####..#................
...............###.............#.
.....########8......##....#....##
.....#8.....#...@.........#....##
.....#..##..#..)W...#............
...#.#..8#..#..#....#.....##.....
.#.###..##..#.##..#........##....
.#.###....#.#.....##.......##....
.....#[...#.).#..##........##....
.#...#_.8.#.).....#.....##.......
##...#[...#.')..........#........
.....#....#.#.....#.#...#..).....


You could see withersans's ghost.

Vanquished Creatures
  A hound (D:4)
  7 orc priests
  2 orc wizards (D:4)
  3 worker ants (D:4)
  A hound skeleton (D:4)
  Robin (D:3)
  6 adders
  2 oozes
  An adder skeleton (D:4)
  A worm (D:3)
  3 dart slugs (D:1)
  2 leopard geckos (D:2)
  18 orcs
  9 bats
  4 giant cockroaches
  16 goblins
  5 hobgoblins
  4 jackals (D:3)
  15 kobolds
  3 quokkas
  5 frilled lizards
  5 rats
114 creatures vanquished.

Notes
Turn   | Place    | Note
-------+----------+-------------------------------------------
     0 | D:1      | Fang the Gargoyle Berserker began the quest for the Orb.
     0 | D:1      | Reached XP level 1. HP: 14/14 MP: 1/1
   169 | D:1      | Reached XP level 2. HP: 11/19 MP: 2/2
   422 | D:1      | Reached XP level 3. HP: 21/23 MP: 3/3
   720 | D:1      | Reached ** piety under Trog
  1093 | D:2      | Reached XP level 4. HP: 29/29 MP: 4/4
  1385 | D:2      | Found a stormy altar of Qazlal.
  1754 | D:3      | Reached skill level 4 in Fighting
  1877 | D:3      | Reached XP level 5. HP: 23/33 MP: 5/5
  2270 | D:3      | Reached *** piety under Trog
  2332 | D:3      | Noticed Robin
  2338 | D:3      | Reached XP level 6. HP: 39/39 MP: 6/6
  2346 | D:3      | Killed Robin
  2944 | D:4      | Reached skill level 5 in Fighting
  3204 | D:4      | Reached XP level 7. HP: 44/44 MP: 7/7
  3268 | D:4      | Found a runed translucent gate.
  3350 | D:4      | Noticed withersans's ghost (amateur SpMo)
  3352 | D:4      | Found a runed translucent gate.
  3353 | D:4      | Found a runed translucent gate.
  3354 | D:4      | Found a roughly hewn altar of Beogh.
  3616 | D:4      | Reached **** piety under Trog
  3685 | D:4      | HP: 2/44 [orc priest/divine providence (12)]
  3729 | D:4      | HP: 1/44 [withersans's ghost (4)]
  3738 | D:4      | Slain by withersans's ghost

Skill      XL: |  1  2  3  4  5  6 |
---------------+-------------------+-----
Axes           | 3 4 |  4.4
Dodging        | 2 3 |  3.4
Armour         | 3 4 |  4.6
Fighting       | 4 5 |  5.2

Action                   |  1- 3 |  4- 6 |  7- 9 || total
-------------------------+-------+-------+-------++-------
Melee: Hand axe          |   106 |   237 |   146 ||   489
Invok: Berserk           |       |     3 |     2 ||     5
       Trog's Hand       |       |     1 |     3 ||     4
  Eat: Chunk             |     1 |    10 |     2 ||    13
       Ration            |       |       |     1 ||     1
Armor: Animal skin       |    43 |     5 |       ||    48
       Chain mail        |       |   195 |   108 ||   303
Dodge: Dodged            |    87 |   154 |    63 ||   304
